 Dungeon Crawl Stone Soup version 0.28.0-47-ge53b351184 (webtiles) character file.

Game seed: 6332409288753241324

12 101zpm the Magician (level 2, 0/21 HPs)
             Began as a Djinni Ice Elementalist on Apr 26, 2022.
             Slain by a hobgoblin (1 damage)
             ... on level 1 of the Dungeon.
             The game lasted 00:02:31 (492 turns).

101zpm the Magician (Djinni Ice Elementalist)        Turns: 492, Time: 00:02:31

Health: 0/21       AC:  2    Str:  7    XL:     2   Next: 45%
Gold:   0          EV: 12    Int: 16    God:
                   SH:  0    Dex: 13

rFire   + + .      SeeInvis .   (no weapon)
rCold   x . .      Faith    .   (no shield)
rNeg    . . .      Spirit   .   a - +0 robe
rPois   ∞          Reflect  .   (no helmet)
rElec   .          Harm     .   (no cloak)
rCorr   .          Rampage  .   (no gloves)
Will    .....                   (boots unavailable)
Stlth   ++........              (no amulet)
HPRegen 0.07/turn               (no ring)
MPRegen 0.00/turn               (no ring)

@: flying
A: sickness immunity, fire resistance 2, cold vulnerability 1, float, innate
caster, HP casting, extra vitality 1
a: no special abilities


You were on level 1 of the Dungeon.
You visited 1 branch of the dungeon, and saw 3 of its levels.

Inventory:

Armour
 a - a +0 robe (worn)


   Skills:
 + Level 2.1 Dodging
 + Level 1.5 Stealth
 + Level 3.7 Spellcasting


You couldn't memorise any spells.
You knew the following spells:

 Your Spells              Type           Power      Damage    Failure   Level
a - Freeze                Ice            56%        1d7       3%          1
b - Frozen Ramparts       Ice            28%        1d4       12%         3
c - Ozocubu's Armour      Ice            14%        N/A       12%         3
d - Hailstorm             Conj/Ice       14%        3d5       36%         4
Your spell library was empty.

Dungeon Overview and Level Annotations

Branches:
Dungeon (3/15)

Altars:


Innate Abilities, Weirdness & Mutations

You are immune to sickness and miasma.
You are immune to poison.
Your flesh is very heat resistant. (rF++)
You are vulnerable to cold. (rC-)
You float through the air rather than walking.
You learn spells naturally, not from books.
Your magical power is your life essence.
You have superior vitality. (+4 MHP)


Message History

The orc barely misses you.
Things that are here:
a +0 mace; a +0 leather armour Your magical contamination has completely faded away.
Aiming: Freeze (safe; 4% risk of failure)
Press: ? - help, Q - select action Shift-Dir - straight line, f/p - orc
Aim: an orc, wielding a +0 flail (heavily wounded)
You freeze the orc!
You kill the orc!
* * * LOW HITPOINT WARNING * * *
You start resting.
A worm is nearby!
A jackal and an endoplasm come into view.
Found an escape hatch in the ceiling.
The jackal barks!
A jackal comes into view. x2
There is an escape hatch in the ceiling here.
A mysterious force pulls you upwards. The hatch slams shut behind you.
The hobgoblin shouts!
Found a chain mail.
Found a stone staircase leading down.
The goblin shouts!
A hobgoblin comes into view.
A kobold comes into view.
It is wielding a +1 short sword of venom.
You start resting.
A goblin is nearby!
There are monsters nearby!
Casting: Freeze (safe; 3% risk of failure)
Confirm with . or Enter, or press ? or * to list all spells.
Okay, then.
You are too injured to fight recklessly!
Aiming: Freeze (safe; 3% risk of failure)
Press: ? - help, Q - select action Shift-Dir - straight line, f - goblin
Aim: a goblin, wielding a +0 club You freeze the goblin!
You kill the goblin!
* * * LOW HITPOINT WARNING * * *
You don't have enough health to cast this spell.
You don't have enough health to cast this spell.
The hobgoblin hits you.
You die...

#########
#+#####.....g..
####>............K
#........#.#####.
#........#.)..#
#....g...+..g.#
#....g...#...@#
#........#....#
#........######
#[.......#
#........#
#........#
..........
##########


You could see a hobgoblin.

Vanquished Creatures
  2 orcs (D:2)
  An endoplasm (D:2)
  A goblin (D:1)
  A hobgoblin (D:2)
  A quokka (D:2)
  A frilled lizard (D:2)
  A kobold (D:2)
  2 rats (D:2)
10 creatures vanquished.

Notes
Turn   | Place    | Note
-------+----------+-------------------------------------------
     0 | D:1      | 101zpm the Djinni Ice Elementalist began the quest for the
                  | Orb.
     0 | D:1      | Reached XP level 1. HP: 15/15 MP: 0/0
   444 | D:2      | Reached XP level 2. HP: 14/21 MP: 0/0
   492 | D:1      | Slain by a hobgoblin

Illustrated notes

Levels and vault maps discovered:
D:1:      minmay_arrival_split_and_join, layout_basic,
          shapermc_ecumenical_altar_mp_urbaneastern
D:2:      layout_loops_ring, palyth_stone_intersect, uniq_crazy_yiuf_cottage
D:3:      layout_loops_cross, nicolae_qazlal_eye_of_the_storm

Action                   || total
-------------------------++-------
 Cast: Freeze            ||    16
Armor: Robe              ||     1
Dodge: Dodged            ||     6
